 Dungeon Crawl Stone Soup version 0.28.0-53-g5a82cb258f (webtiles) character file.

Game seed: 7002036544626902169

334 Theotherone the Cleaver (level 6, -2/51 HPs)
             Began as a Minotaur Berserker on June 26, 2022.
             Was a Believer of Trog.
             Slain by a bullfrog skeleton (5 damage)
             ... on level 4 of the Dungeon.
             The game lasted 00:05:50 (2864 turns).

Theotherone the Cleaver (Minotaur Berserker)        Turns: 2864, Time: 00:05:50

Health: -2/51      AC:  8    Str: 24    XL:     6   Next: 27%
Magic:  5/5        EV:  8    Int:  4    God:    Trog [**....]
Gold:   61         SH:  0    Dex:  9    Spells: 5/5 levels left

rFire   . . .      SeeInvis .   n - +2 whip (venom)
rCold   . . .      Faith    .   (no shield)
rNeg    . . .      Spirit   .   q - +0 chain mail
rPois   .          Reflect  .   (helmet restricted)
rElec   .          Harm     .   (no cloak)
rCorr   .          Rampage  .   (no gloves)
Will    .....                   (no boots)
Stlth   ..........              (no amulet)
HPRegen 0.17/turn               w - +4 ring of slaying
MPRegen 0.09/turn               (no ring)

@: on berserk cooldown, slowed, very slow
A: horns 2, retaliatory headbutt
a: Renounce Religion, Berserk, Trog's Hand


You were on level 4 of the Dungeon.
You worshipped Trog.
Trog was pleased with you.
You visited 1 branch of the dungeon, and saw 4 of its levels.

You collected 61 gold pieces.

Inventory:

Hand Weapons
 a - a +0 hand axe
 h - a +0 whip
 n - a +2 whip of venom (weapon)
 p - a +0 morningstar
Missiles
 f - 2 throwing nets (quivered)
 u - 11 poisoned darts
Armour
 b - a +0 animal skin
 q - a +0 chain mail (worn)
Jewellery
 r - a +6 ring of dexterity
 w - a +4 ring of slaying (left hand)
Scrolls
 c - a scroll of vulnerability {unknown}
 d - 3 scrolls of identify {unknown}
 g - a scroll of fear {unknown}
 j - 3 scrolls of enchant armour {unknown}
 m - a scroll of amnesia {unknown}
 t - a scroll of blinking {unknown}
 v - a scroll of noise {unknown}
Potions
 e - a potion of attraction {unknown}
 i - a potion of curing
 k - a potion of haste {unknown}
 l - 2 potions of brilliance {unknown}
 o - a potion of cancellation {unknown}
 s - a potion of mutation {unknown}


   Skills:
 - Level 3.6 Fighting
 + Level 8.6 Axes
 - Level 2.4 Armour
 - Level 2.1 Dodging


You had 5 spell levels left.
You didn't know any spells.
Your spell library was empty.

Dungeon Overview and Level Annotations

Branches:
Dungeon (4/15)
 Temple: D:4-7

Altars:
Dithmenos
Zin


Innate Abilities, Weirdness & Mutations

You have a pair of horns on your head.
You reflexively headbutt those who attack you in melee.


Message History

You closely miss the gnoll. The gnoll hits you but does no damage.
The gnoll hits you with a +0 flail.
The gnoll hits you from afar with a +0 spear.
The gnoll hits you with a +0 spear.
* * * LOW HITPOINT WARNING * * *
The gnoll barely misses you.
You closely miss the gnoll. You headbutt the gnoll.
The gnoll is heavily wounded.
The gnoll hits you with a +0 spear.
* * * LOW HITPOINT WARNING * * *
The gnoll hits you but does no damage. The gnoll hits you with a +0 spear.
* * * LOW HITPOINT WARNING * * *
It was a potion of curing.
You feel better. The gnoll barely misses you. The gnoll misses you.
You furiously retaliate!
You headbutt the gnoll. The gnoll hits you with a +0 flail.
* * * LOW HITPOINT WARNING * * *
You barely miss the gnoll. The gnoll hits you with a +0 spear.
* * * LOW HITPOINT WARNING * * *
The gnoll barely misses you.
You hit the gnoll.
The gnoll is lightly wounded.
A bullfrog skeleton comes into view.
The gnoll hits you but does no damage. The gnoll hits you with a +0 flail.
* * * LOW HITPOINT WARNING * * *
The gnoll hits you with a +0 spear.
* * * LOW HITPOINT WARNING * * *
You barely miss the gnoll. You headbutt the gnoll!
You kill the gnoll!
Trog accepts your kill. The gnoll barely misses you.
You closely miss the gnoll.
You headbutt the gnoll, but do no damage.
The gnoll is heavily wounded.
The gnoll hits you with a +0 spear.
* * * LOW HITPOINT WARNING * * *
You hit the gnoll.
The gnoll is poisoned.
You headbutt the gnoll.
You kill the gnoll!
Trog accepts your kill. The bullfrog skeleton hits you.
You die...

.## ... #.. #.###
#...### ##..$..##
..# ##.)Z##..##..#
# #..@##....#..#
..
#.).#._...#..##. #
#...##....#.... .#
#..†.##..##..##.#
##......##......#
##...###.<..#
#....).))..#
#########.######.#
............# .#


You could see a bullfrog skeleton.

Vanquished Creatures
  A bullfrog (D:3)
  A hound (D:4)
  2 orc priests
  Jessica (D:2)
  4 gnolls
  A howler monkey skeleton (D:3)
  4 adders
  2 worms
  3 dart slugs
  7 orcs
  2 endoplasms
  4 giant cockroaches
  6 goblins
  4 hobgoblins
  3 quokkas
  9 ball pythons
  5 bats
  3 frilled lizards
  5 kobolds
  2 rats
69 creatures vanquished.

Vanquished Creatures (others)
  A fungus (D:2)
  3 plants (D:2)
4 creatures vanquished.

Grand Total: 73 creatures vanquished

Notes
Turn   | Place    | Note
-------+----------+-------------------------------------------
     0 | D:1      | Theotherone the Minotaur Berserker began the quest for the
                  | Orb.
     0 | D:1      | Reached XP level 1. HP: 19/19 MP: 0/0
   189 | D:1      | Reached skill level 4 in Axes
   194 | D:1      | Reached XP level 2. HP: 17/26 MP: 1/1
   756 | D:1      | Reached skill level 5 in Axes
   850 | D:1      | Reached XP level 3. HP: 31/31 MP: 2/2
   854 | D:1      | Reached ** piety under Trog
   932 | D:2      | Noticed Jessica
   937 | D:2      | Killed Jessica
   969 | D:2      | Reached skill level 6 in Axes
   969 | D:2      | Reached XP level 4. HP: 39/39 MP: 3/3
  1576 | D:2      | Found a faded altar of an unknown god.
  1909 | D:3      | Reached XP level 5. HP: 36/45 MP: 4/4
  1914 | D:3      | Reached skill level 7 in Axes
  2056 | D:3      | Found a glowing silver altar of Zin.
  2480 | D:3      | Reached skill level 8 in Axes
  2820 | D:4      | Found a shadowy altar of Dithmenos.
  2834 | D:4      | Reached XP level 6. HP: 42/51 MP: 5/5
  2863 | D:4      | HP: 2/51 [gnoll/+0 spear (1)]
  2864 | D:4      | Slain by a bullfrog skeleton

Illustrated notes

Levels and vault maps discovered:
D:1:      saegor_arrival_simple_a, layout_rooms
D:2:      minmay_spotlight, layout_rooms,
          shapermc_ecumenical_altar_mp_ritualfount, minmay_misc_feat_cross,
          nrook_uturn, uniq_jessica
D:3:      layout_loops_ring, zin_treasury, kennysheep_minor_cross
D:4:      cheibrodos_quashed, layout_loops_ring,
          nicolae_dithmenos_through_a_glass_darkly

Skill      XL: |  1  2  3  4  5 |
---------------+----------------+-----
Axes           | 4 5 6 8 |  8.6
Fighting       | |  3.6
Armour         | |  2.4
Dodging        | |  2.1

Action                   |  1- 3 |  4- 6 || total
-------------------------+-------+-------++-------
Melee: Hand axe          |    42 |    21 ||    63
       Headbutt          |     6 |    26 ||    32
       Punch             |     1 |     2 ||     3
       Whip              |       |   102 ||   102
Invok: Berserk           |     2 |     2 ||     4
  Use: Potion            |       |     1 ||     1
Armor: Animal skin       |    13 |     9 ||    22
       Chain mail        |       |    20 ||    20
Dodge: Dodged            |    36 |    45 ||    81
